 Dungeon Crawl Stone Soup version 0.23.2 (webtiles) character file.

Game seed: 3113898582737958455

185278 Fang the Warrior (level 18, -6/122 HPs)
             Began as a Gargoyle Berserker on Mar 29, 2019.
             Was a High Priest of Trog.
             Killed from afar by an ogre mage (33 damage)
             ... with a crystal spear
             ... on level 1 of the Vaults on Apr 1, 2019.
             The game lasted 00:43:00 (34434 turns).

Fang the Warrior (Gargoyle Berserker)              Turns: 34434, Time: 00:43:00

Health: -6/122     AC: 49    Str: 31    XL:     18   Next: 3%
Magic:  19/19      EV: 13    Int: 11    God:    Trog [*****.]
Gold:   3074       SH:  0    Dex: 13    Spells: 17/17 levels left

rFire    . . .     SeeInvis .   n - +7 battleaxe (chop)
rCold    . . .     Gourm    .   (shield currently unavailable)
rNeg     + + .     Faith    .   D - +8 orange crystal plate armour {Archmagi, Int+3 Clar}
rPois    ∞         Spirit   .   (helmet restricted)
rElec    +         Reflect  .   (no cloak)
rCorr    .         Harm     .   r - +2 pair of gloves {archery}
MR       +....     Clarity  +   (no boots)
Stlth    ..........             (no amulet)
HPRegen  0.30/turn              T - ring of Shadows {Umbra +Inv Stlth+}
MPRegen  0.16/turn              O - ring "Puonal" {rElec rN+ Str+2 Dex+4}

@: flying, wreathed by umbra, lightly drained
A: big wings, beak, high mp 1, mutation resistance 1, negative energy resistance
1, electricity resistance, unbreathing, petrification resistance, rot immunity,
AC +13
}: 1/15 runes: decaying
a: Stop Flying, Berserk, Trog's Hand, Brothers in Arms, Renounce Religion, Evoke
Invisibility


You were on level 1 of the Vaults.
You worshipped Trog.
Trog was extremely pleased with you.
You were near starving.

You visited 6 branches of the dungeon, and saw 29 of its levels.
You also visited: Sewer, Bailey and Gauntlet.

You collected 3074 gold pieces.

Inventory:

Hand Weapons
 j - a +0 broad axe of freezing
 n - a +7 battleaxe of chopping (weapon)
 w - a +7 battleaxe of electrocution
 L - a +2 executioner's axe of flaming
 P - a +2 battleaxe of venom
 Q - a +3 antimagic battleaxe
Armour
 a - a +4 plate armour (quivered)
 l - the +2 plate armour of the Alphagorgon {Str+3 Dex+3}
   (You found it on level 12 of the Dungeon)

   It affects your strength (+3).
   It affects your dexterity (+3).
 q - the +1 leather armour of Goistua {rElec rF+ Str-2}
   (You found it on level 1 of the Lair of Beasts)

   It affects your strength (-2).
   It protects you from fire.
   It insulates you from electricity.
 r - a +2 pair of gloves of archery (worn)
 D - the +8 orange crystal plate armour (worn) {Archmagi, Int+3 Clar}
   (You found it in a bailey)

   It affects your intelligence (+3).
   It protects you against confusion.
 I - the +2 pair of boots of Sunlight {-Tele Str+8}
   (You found it on level 13 of the Dungeon)

   It affects your strength (+8).
   It prevents most forms of teleportation.
Jewellery
 p - the ring "Etaaladgh" {+Fly rPois rC+ rN+ Int+4}
   (You found it on level 2 of the Lair of Beasts)

   [ring of flight]

   It affects your intelligence (+4).
   It protects you from cold.
   It protects you from poison.
   It protects you from negative energy.
   It lets you fly.
 t - an uncursed ring of see invisible
 y - an uncursed ring of protection from cold
 G - a +6 ring of intelligence
 O - the ring "Puonal" (right hand) {rElec rN+ Str+2 Dex+4}
   (You found it on level 1 of the Orcish Mines)

   [ring of dexterity]

   It affects your strength (+2).
   It affects your dexterity (+4).
   It insulates you from electricity.
   It protects you from negative energy.
 T - the ring of Shadows (left hand) {Umbra +Inv Stlth+}
   (You found it on level 2 of the Swamp)

   [ring of stealth]

   It lets you turn invisible.
   It makes you more stealthy.
Wands
 f - a wand of flame (28)
 h - a wand of polymorph (21)
 x - a wand of paralysis (4)
 B - a wand of scattershot (12)
 E - a wand of digging (12)
 F - a wand of enslavement (4)
 K - a wand of iceblast (11)
 M - a wand of acid (17)
 N - a wand of random effects (20)
Scrolls
 b - 13 scrolls of teleportation
 m - 7 scrolls of blinking
 u - 9 scrolls of remove curse
 H - 4 scrolls of fear
 J - 17 scrolls of identify
 R - 2 scrolls of magic mapping
 S - a scroll of holy word
Potions
 d - 13 potions of brilliance
 e - 6 potions of resistance
 g - 8 potions of heal wounds
 i - 3 potions of cancellation
 k - 9 potions of curing
 o - 6 potions of might
 s - 3 potions of haste
 v - 2 potions of invisibility
 z - a potion of magic
 A - 3 potions of ambrosia
 C - 2 potions of agility
Comestibles
 c - 44 rations


   Skills:
 + Level 16.9(16.6) Fighting
 + Level 14.5(14.2) Axes
 + Level 16.6(16.3) Armour
 + Level 13.2(12.9) Dodging


You had 17 spell levels left.
You didn't know any spells.
Your spell library was empty.

Dungeon Overview and Level Annotations

Branches:
Dungeon (15/15)            Temple (1/1) D:6            Lair (6/6) D:8
  Swamp (4/4) Lair:4       Spider (0/4) Lair:2        Slime (0/5) Lair:6
    Orc (2/2) D:12            Elf (0/3) Orc:2        Vaults (1/5) D:14
 Depths (0/5) D:15

Altars:
Cheibriados
Dithmenos
Elyvilon
Gozag
Makhleb
Trog
Xom
Yredelemnul
The Shining One

Shops:
Orc:2 *?!*(*

Annotations:
D:9 3 runed translucent doors, prey's ghost, journeyman MiBe
Lair:4 2 transporters, Raneoc's ghost, journeyman MiFi


Innate Abilities, Weirdness & Mutations

You are resistant to torment.
Your stone body is resilient. (AC +13)
You are immune to poison.
Your large and strong wings let you fly indefinitely.
You resist negative energy. (rN+)
You are resistant to electric shocks. (rElec)
You can survive without breathing.
You are immune to petrification.
You are immune to rotting.
You have a beak for a mouth.
You have an increased reservoir of magic. (+10% MP)
You are somewhat resistant to further mutation.


Message History

The harpy claws you but does no damage. The harpy barely misses you.
The harpy claws you but does no damage. x2
A two-headed ogre comes into view. It is wielding two +0 giant clubs.
You slice the harpy!! You peck the harpy!
The harpy is severely wounded.
The harpy barely misses you. The harpy claws you but does no damage.
The harpy misses you. The harpy barely misses you.
The harpy completely misses you. The harpy claws you but does no damage.
The ogre mage completely misses you.
An ogre and a two-headed ogre come into view.
The harpy screeches!
The ogre shouts!
The two-headed ogre shouts in stereo!
The harpy claws you but does no damage. The harpy closely misses you.
The harpy claws you but does no damage. The harpy closely misses you.
The harpy claws you but does no damage. x2; The harpy misses you.
The harpy closely misses you.
The two-headed ogre hits you but does no damage.
The two-headed ogre misses you.
The ogre mage points at you and mumbles some strange words.
The crystal spear hits you!!
You die...

............+
.............#
..O.O........#
..O..........#
............#
............#
#........#
#.OO.....#
#..@H....#
#.HH.....#
#........#
#........#
#########
#........#
#.......#
#........#
#.###.#.#
#........#
#.#...#.#
#........#
#.#...#.#
#........#
#.#.###.#


You could see 3 two-headed ogres, an ogre mage, 3 harpies and an ogre.

Vanquished Creatures
  4 thorn hunters
  Donald (Orc:2)
  An orc warlord (Bailey)
  The ghost of Mokush the Unseen, an adept SpEn of Gozag (Swamp:2)
  An ironheart preserver (Vaults:1)
  Snorg (D:14)
  Erolcha (Orc:2)
  A fire dragon (Lair:6)
  2 ghost crabs
  3 shambling mangroves
  A catoblepas (D:13)
  23 hydras
  4 centaur warriors
  14 alligators
  An ogre mage (D:15)
  A two-headed ogre (shapeshifter) (D:14)
  9 two-headed ogres
  10 death yaks
  5 orc high priests (Orc:2)
  A tengu warrior (D:12)
  A deep elf knight (Vaults:1)
  A wizard (D:14)
  9 swamp dragons
  4 unseen horrors (D:15)
  A deep troll (Orc:2)
  A spectral hydra (Swamp:2)
  3 deep elf magi
  A lindwurm (Lair:6)
  4 orc knights (Orc:2)
  23 ugly things
  4 manticores
  An orc sorcerer (Orc:2)
  2 oklob plants (Lair:6)
  13 elephants
  2 naga magi (D:15)
  6 black mambas
  3 centaur zombies
  2 molten gargoyles (Lair:6)
  A gargoyle (D:14)
  A spectral spriggan (Swamp:2)
  15 spiny frogs
  2 rime drakes
  2 kobold demonologists (D:13)
  3 freezing wraiths
  5 komodo dragons
  A tengu conjurer (D:14)
  7 trolls
  13 hornets
  Grinder (D:4)
  7 tyrant leeches
  20 slime creatures
  Prince Ribbit (Lair:3)
  30 blink frogs
  A meliai zombie (D:15)
  4 bog bodies
  7 hippogriffs
  A tarantella (shapeshifter) (D:13)
  A centaur simulacrum (D:15)
  3 wraiths
  5 spriggans
  4 shadows
  13 yaks
  11 wyverns
  A water elemental (D:14)
  6 basilisks
  A neqoxec (Orc:1)
  3 hungry ghosts
  8 vampire mosquitoes
  12 swamp worms
  8 insubstantial wisps
  5 wargs
  3 acid dragons
  Duvessa (D:5)
  12 swamp drakes
  7 water moccasins
  3 hell hounds (Lair:6)
  2 black bears
  8 porcupines
  37 orc warriors
  2 phantoms
  6 sky beasts
  4 ice beasts
  A necrophage (D:13)
  11 ogres
  11 centaurs
  26 wolves (Lair:3)
  10 crocodiles
  A tyrant leech simulacrum (Swamp:2)
  Blork the orc (D:5)
  4 big kobolds
  17 bullfrogs
  A spiny frog simulacrum (Swamp:2)
  3 wyvern skeletons
  2 scorpions
  Dowan (D:5)
  A swamp dragon simulacrum (Swamp:2)
  10 wights
  An electric eel (Lair:2)
  A howler monkey (D:6)
  2 quasits (Orc:1)
  8 crimson imps
  2 bullfrog zombies
  5 lava snakes (Lair:6)
  30 orc priests
  4 centaur skeletons
  4 hounds
  5 jellies
  30 orc wizards
  3 iguanas
  5 bullfrog skeletons
  7 worker ants
  2 spectral swamp drakes (Swamp:2)
  2 hound skeletons
  A howler monkey skeleton (D:7)
  7 gnolls
  6 river rats
  9 adders
  6 shadow imps
  An ooze (D:4)
  An adder zombie (D:6)
  An adder skeleton (D:5)
  3 worms (D:2)
  2 dart slugs (D:2)
  4 leopard geckos
  97 orcs
  8 ball pythons
  8 bats
  3 giant cockroaches
  6 hobgoblins
  11 jackals
  36 kobolds
  5 quokkas
  11 frilled lizards
  17 goblins
  A leopard gecko skeleton (D:4)
  A leopard gecko zombie (D:7)
  25 rats
  7 briar patches (Swamp:4)
  5 fungi
  5 plants
952 creatures vanquished.

Vanquished Creatures (collateral kills)
  The ghost of Charmandara the Cruncher, a journeyman DsGl of Uskayaw (Orc:1)
  A hydra (D:15)
  An orc high priest (Orc:2)
  A spriggan (Swamp:4)
  An orc knight (Orc:2)
  A deep elf mage (Vaults:1)
  A spectral spriggan (Swamp:2)
  A troll (D:15)
  A tyrant leech (Swamp:3)
  2 hornets (Swamp:4)
  2 slime creatures (Swamp:3)
  4 neqoxecs (Orc:1)
  2 orc warriors (Orc:2)
  2 swamp drakes (Swamp:4)
  A wolf (Lair:3)
  A spriggan simulacrum (Swamp:2)
  A quasit (Orc:1)
  4 orc priests (Orc:2)
  A spectral swamp drake (Swamp:2)
  4 orcs
  A goblin (Bailey)
34 creatures vanquished.

Vanquished Creatures (others)
  A hydra (Swamp:2)
  An ugly thing (Swamp:4)
  A tyrant leech (Swamp:4)
  A spriggan (Swamp:3)
  A swamp drake (Swamp:2)
  A centaur (D:15)
  4 briar patches
  A fungus (Lair:5)
  A plant (Lair:4)
12 creatures vanquished.

Grand Total: 998 creatures vanquished

Notes
Turn   | Place    | Note
-------+----------+-------------------------------------------
     0 | D:1      | Fang the Gargoyle Berserker began the quest for the Orb.
     0 | D:1      | Reached XP level 1. HP: 14/14 MP: 1/1
   270 | D:1      | Reached XP level 2. HP: 19/19 MP: 2/2
   541 | D:2      | Reached XP level 3. HP: 20/24 MP: 3/3
  1333 | D:2      | Reached ** piety under Trog
  1333 | D:2      | Reached XP level 4. HP: 29/29 MP: 4/4
  1760 | D:3      | Reached XP level 5. HP: 8/33 MP: 5/5
  3054 | D:4      | Found a glowing drain.
  3057 | D:4      | Reached XP level 6. HP: 14/39 MP: 6/6
  3259 | Sewer    | Entered a sewer
  3578 | Sewer    | Reached *** piety under Trog
  3595 | Sewer    | Reached skill level 5 in Fighting
  3883 | D:4      | Noticed Grinder
  3895 | D:4      | Killed Grinder
  3895 | D:4      | Reached XP level 7. HP: 44/44 MP: 7/7
  4166 | D:4      | Reached skill level 5 in Armour
  4651 | D:5      | Entered Level 5 of the Dungeon
  4658 | D:5      | Noticed Dowan
  4660 | D:5      | Found a shimmering altar of Xom.
  4660 | D:5      | Noticed Duvessa
  4665 | D:5      | Killed Dowan
  4682 | D:5      | Killed Duvessa
  4682 | D:5      | Reached XP level 8. HP: 9/51 MP: 8/8
  4941 | D:5      | You fall through a shaft!
  4964 | D:6      | Reached skill level 5 in Axes
  5524 | D:6      | Found a bloodstained altar of Trog.
  5817 | D:6      | Found a staircase to the Ecumenical Temple.
  5842 | Temple   | Entered the Ecumenical Temple
  5924 | D:6      | Reached XP level 9. HP: 25/57 MP: 9/9
  6424 | D:6      | Reached skill level 5 in Dodging
  6461 | D:6      | Found a glowing golden altar of the Shining One.
  6462 | D:6      | Found a snail-covered altar of Cheibriados.
  6618 | D:5      | Reached **** piety under Trog
  6682 | D:5      | Noticed Blork the orc
  6693 | D:5      | Killed Blork the orc
  7817 | D:7      | Found a shimmering altar of Xom.
  8101 | D:8      | Upgraded the game from 0.23.1-41-g7e51ed3 to
                  | 0.23.1-42-g8abd8fc
  8376 | D:8      | Found a staircase to the Lair.
  8489 | D:8      | Reached XP level 10. HP: 41/64 MP: 10/10
  8716 | D:8      | Noticed a two-headed ogre
  8729 | D:8      | Killed a two-headed ogre
  9361 | D:9      | Identified a scroll of acquirement
  9465 | D:9      | Noticed a two-headed ogre
  9472 | D:9      | Killed a two-headed ogre
  9682 | D:9      | Found a runed translucent gate.
  9682 | D:9      | Found a runed translucent gate.
  9682 | D:9      | Found a runed translucent gate.
  9683 | D:9      | Found an opulent altar of Gozag.
  9684 | D:9      | Noticed prey's ghost (journeyman MiBe)
  9801 | D:9      | Reached ***** piety under Trog
  9803 | D:10     | Entered Level 10 of the Dungeon
 10368 | D:10     | Found a flagged portal.
 10416 | Bailey   | Entered a bailey
 10449 | Bailey   | Noticed an orc warlord
 10450 | Bailey   | Found the +8 orange crystal plate armour {Archmagi, Int+3
                  | Clar}
 10520 | Bailey   | Received a gift from Trog
 10525 | Bailey   | Reached XP level 11. HP: 61/71 MP: 11/11
 10585 | Bailey   | Found a runed translucent gate.
 10585 | Bailey   | Found a runed translucent gate.
 10585 | Bailey   | Found a runed translucent gate.
 10785 | Bailey   | Killed an orc warlord
 11407 | D:11     | Reached skill level 10 in Fighting
 11818 | D:11     | Noticed a two-headed ogre
 11824 | D:11     | Killed a two-headed ogre
 11824 | D:11     | Reached skill level 10 in Armour
 11996 | D:11     | Noticed a white ugly thing
 11996 | D:11     | Noticed a centaur warrior
 12002 | D:11     | Killed a centaur warrior
 12005 | D:11     | Killed a white ugly thing
 12156 | D:11     | Noticed a cyan ugly thing
 12169 | D:11     | Killed a cyan ugly thing
 12668 | Lair:1   | Entered Level 1 of the Lair of Beasts
 13560 | Lair:1   | Got an ichor-stained leather armour
 13571 | Lair:1   | Identified the +1 leather armour of Goistua {rElec rF+
                  | Str-2} (You found it on level 1 of the Lair of Beasts)
 13612 | Lair:2   | Reached XP level 12. HP: 78/79 MP: 12/12
 13612 | Lair:2   | Noticed a death yak
 13612 | Lair:2   | Noticed a death yak
 13613 | Lair:2   | Noticed a death yak
 13616 | Lair:2   | Noticed a death yak
 13617 | Lair:2   | Noticed a death yak
 13618 | Lair:2   | Noticed a death yak
 13634 | Lair:1   | Killed a death yak
 13637 | Lair:1   | Killed a death yak
 13637 | Lair:1   | Killed a death yak
 13800 | Lair:2   | Killed a death yak
 13801 | Lair:2   | Killed a death yak
 13802 | Lair:2   | Killed a death yak
 13857 | Lair:2   | Found a hole to the Spider Nest.
 14243 | Lair:3   | Reached skill level 10 in Axes
 14619 | Lair:3   | Noticed Prince Ribbit
 14643 | Lair:3   | Received a gift from Trog
 14693 | Lair:3   | Reached XP level 13. HP: 62/86 MP: 13/13
 14779 | Lair:3   | Killed Prince Ribbit
 15525 | Lair:4   | Found a gate leading to a gauntlet.
 15550 | Gauntlet | Entered a Gauntlet
 15550 | Gauntlet | Found a transporter.
 15550 | Gauntlet | Found a transporter.
 15551 | Gauntlet | Found a transporter.
 15554 | Gauntlet | Found a transporter.
 15555 | Gauntlet | Found a transporter.
 15557 | Gauntlet | Noticed a cacodemon
 15579 | Gauntlet | Found a transporter.
 15589 | Gauntlet | Found a transporter.
 15609 | Gauntlet | Found a transporter.
 15611 | Gauntlet | Found a large runed translucent door.
 15612 | Gauntlet | Found a large runed translucent door.
 15613 | Gauntlet | Found a large runed translucent door.
 15613 | Gauntlet | Found a large runed translucent door.
 15613 | Gauntlet | Found a runed translucent door.
 15613 | Gauntlet | Found a runed translucent door.
 15614 | Gauntlet | Found a large runed translucent door.
 15615 | Gauntlet | Found a large runed translucent door.
 15616 | Gauntlet | Found a large runed translucent door.
 15616 | Gauntlet | Found a large runed translucent door.
 15617 | Gauntlet | Found a runed translucent gate.
 15617 | Gauntlet | Found a runed translucent gate.
 15617 | Gauntlet | Found a runed translucent gate.
 15619 | Gauntlet | Found a transporter.
 15629 | Gauntlet | Found a large runed translucent door.
 15629 | Gauntlet | Found a large runed translucent door.
 15630 | Gauntlet | Found a large runed translucent door.
 15631 | Gauntlet | Found a large runed translucent door.
 15635 | Gauntlet | Found a transporter.
 15641 | Gauntlet | Found a transporter.
 15657 | Gauntlet | Found a transporter.
 15906 | Lair:4   | Found a transporter.
 15917 | Lair:4   | Found a transporter.
 15920 | Lair:4   | Noticed Raneoc's ghost (journeyman MiFi)
 16258 | Lair:4   | Found a staircase to the Swamp.
 16259 | Lair:4   | Found a basalt altar of Yredelemnul.
 16821 | Lair:5   | Received a gift from Trog
 16827 | Lair:5   | Reached skill level 10 in Dodging
 17618 | Lair:5   | Gained mutation: Your large and strong wings let you fly
                  | indefinitely. [Gargoyle growth]
 17618 | Lair:5   | Reached XP level 14. HP: 94/94 MP: 14/14
 17752 | Lair:2   | Got the ring "Etaaladgh" {+Fly}
 17835 | Lair:6   | Entered Level 6 of the Lair of Beasts
 18256 | Lair:6   | Reached XP level 15. HP: 100/100 MP: 15/15
 18432 | Lair:6   | Found a large runed translucent door.
 18432 | Lair:6   | Found a large runed translucent door.
 19361 | Lair:6   | Found a staircase to the Slime Pits.
 20013 | Lair:6   | Identified the ring "Etaaladgh" {+Fly rPois rC+ rN+ Int+4}
                  | (You found it on level 2 of the Lair of Beasts)
 20015 | Lair:6   | Gained mutation: You are frail. (-10% HP) [potion of
                  | mutation]
 20015 | Lair:6   | Gained mutation: You are partially covered in yellow
                  | scales. (AC +2) [potion of mutation]
 20015 | Lair:6   | Gained mutation: You are agile. (Dex +2) [potion of
                  | mutation]
 20016 | Lair:6   | Lost mutation: You are frail. (-10% HP) [potion of
                  | mutation]
 20016 | Lair:6   | Lost mutation: You are partially covered in yellow scales.
                  | (AC +2) [potion of mutation]
 20016 | Lair:6   | Gained mutation: You are weak. (Str -2) [potion of
                  | mutation]
 20016 | Lair:6   | Gained mutation: You are partially covered in large bone
                  | plates. (SH +4) [potion of mutation]
 20016 | Lair:6   | Gained mutation: You have a beak for a mouth. [potion of
                  | mutation]
 20017 | Lair:6   | Lost mutation: You are partially covered in large bone
                  | plates. (SH +4) [potion of mutation]
 20017 | Lair:6   | Lost mutation: You are agile. (Dex +2) [potion of mutation]
 20017 | Lair:6   | Gained mutation: Armour fits poorly on your strangely
                  | shaped body. [potion of mutation]
 20017 | Lair:6   | Gained mutation: You are somewhat resistant to further
                  | mutation. [potion of mutation]
 20312 | D:12     | Got a dazzling plate armour
 20323 | D:12     | Identified the +2 plate armour of the Alphagorgon {Str+3
                  | Dex+3} (You found it on level 12 of the Dungeon)
 20470 | D:12     | Found a staircase to the Orcish Mines.
 21308 | D:13     | Upgraded the game from 0.23.1-42-g8abd8fc to 0.23.2
 21431 | D:13     | Got a pair of fine boots
 21437 | D:13     | Identified the +2 pair of boots of Sunlight {-Tele Str+8}
                  | (You found it on level 13 of the Dungeon)
 21594 | D:13     | Received a gift from Trog
 22028 | D:14     | Found a white marble altar of Elyvilon.
 22433 | D:14     | Noticed Snorg
 22446 | D:14     | Killed Snorg
 22905 | D:14     | Found a gate to the Vaults.
 22909 | D:14     | Received a gift from Trog
 23318 | D:15     | Entered Level 15 of the Dungeon
 23388 | D:15     | Reached XP level 16. HP: 107/107 MP: 16/16
 23770 | D:15     | Reached skill level 15 in Fighting
 24293 | D:15     | Found a staircase to the Depths.
 24456 | D:15     | Received a gift from Trog
 24617 | D:15     | Lost mutation: Armour fits poorly on your strangely shaped
                  | body. [potion of mutation]
 24617 | D:15     | Lost mutation: You are weak. (Str -2) [potion of mutation]
 24617 | D:15     | Gained mutation: You have an increased reservoir of magic.
                  | (+10% MP) [potion of mutation]
 24699 | Orc:1    | Entered Level 1 of the Orcish Mines
 24723 | Orc:1    | Reached ****** piety under Trog
 24967 | Orc:1    | Found a transporter.
 24968 | Orc:1    | Noticed Charmandara's ghost (journeyman DsGl)
 24991 | Orc:1    | Found a transporter.
 25271 | Orc:1    | Killed Charmandara's ghost
 25311 | Orc:1    | Got the ring "Puonal" {Dex+4}
 25365 | Orc:2    | Entered Level 2 of the Orcish Mines
 25546 | Orc:2    | Received a gift from Trog
 25554 | Orc:2    | Noticed Erolcha
 25564 | Orc:2    | Killed Erolcha
 25595 | Orc:2    | Reached skill level 15 in Armour
 25597 | Orc:2    | Noticed Donald
 25621 | Orc:2    | Killed Donald
 25977 | Orc:2    | Found Kuyw's Assorted Antiques.
 25993 | Orc:2    | Identified the ring "Puonal" {rElec rN+ Str+2 Dex+4} (You
                  | found it on level 1 of the Orcish Mines)
 26354 | Orc:2    | Found Qouloyclipewk's General Store.
 26617 | Orc:2    | Received a gift from Trog
 26919 | Orc:2    | Found Tatyd's Weapon Boutique.
 26922 | Orc:2    | Found Juh Agry's Distillery.
 26923 | Orc:2    | Found Jutsinte's Magic Scroll Boutique.
 26924 | Orc:2    | Found Ilock's General Store.
 26981 | Orc:2    | Found a staircase to the Elven Halls.
 27281 | Swamp:1  | Entered Level 1 of the Swamp
 28643 | Swamp:2  | Found the ring of Shadows {Umbra +Inv Stlth+}
 28683 | Swamp:2  | Received a gift from Trog
 28710 | Swamp:2  | Noticed a thorn hunter
 28729 | Swamp:2  | Killed a thorn hunter
 28978 | Swamp:2  | Reached XP level 17. HP: 79/115 MP: 18/18
 29698 | Swamp:2  | Found a runed translucent gate.
 29698 | Swamp:2  | Found a runed translucent gate.
 29698 | Swamp:2  | Found a runed translucent gate.
 29698 | Swamp:2  | Noticed Mokush's ghost (adept SpEn)
 30051 | Swamp:2  | Killed Mokush's ghost
 30344 | Swamp:3  | Received a gift from Trog
 31506 | Swamp:4  | Entered Level 4 of the Swamp
 33814 | Swamp:4  | Got a decaying rune of Zot
 34358 | Vaults:1 | Entered Level 1 of the Vaults
 34407 | Vaults:1 | Reached XP level 18. HP: 122/122 MP: 19/19
 34408 | Vaults:1 | Noticed an Ice Fiend
 34434 | Vaults:1 | Killed from afar by an ogre mage

Skill      XL: |  1  2  3  4  5  6  7  8  9 10 11 12 13 14 15 16 17 |
---------------+----------------------------------------------------+-----
Axes           | 3 4 5 6 8 9 10 11 12 13 14 | 14.5
Dodging        | 2 3 4 5 7 8 9 10 11 12 13 | 13.2
Armour         | 3 4 5 6 8 9 10 11 13 14 15 16 | 16.6
Fighting       | 4 5 7 8 9 10 12 13 14 15 16 | 16.9

Action                   |  1- 3 |  4- 6 |  7- 9 | 10-12 | 13-15 | 16-18 || total
-------------------------+-------+-------+-------+-------+-------+-------++-------
Melee: Hand axe          |   121 |   103 |       |       |       |       ||   224
       War axe           |       |   161 |   460 |    24 |       |       ||   645
       Broad axe         |       |       |       |   129 |     5 |       ||   134
       Battleaxe         |       |       |       |   337 |   705 |   694 ||  1736
       Peck              |       |       |       |       |    58 |   226 ||   284
       Executioner's axe |       |       |       |       |       |   203 ||   203
Invok: Berserk           |       |     2 |     3 |     9 |     4 |     3 ||    21
       Brothers in Arms  |       |       |       |     2 |     1 |     9 ||    12
 Abil: Fly               |       |       |       |       |     1 |       ||     1
  Use: Scroll            |       |       |     1 |    34 |     7 |     8 ||    50
       Potion            |       |       |       |     2 |     4 |     7 ||    13
 Stab: Distracted        |       |       |       |       |       |     1 ||     1
  Eat: Chunk             |     2 |     9 |    16 |    20 |    30 |    25 ||   102
       Ration            |       |       |     1 |     3 |     2 |     5 ||    11
Armor: Scale mail        |    67 |    47 |       |       |       |       ||   114
       Chain mail        |       |   168 |   137 |       |       |       ||   305
       Plate armour      |       |       |   204 |   183 |       |       ||   387
       Crystal plate arm |       |       |       |   414 |   811 |  1427 ||  2652
Dodge: Dodged            |    68 |   199 |   250 |   317 |   425 |   985 ||  2244
